Sharks vs Wild

Created - April 11 2007 at 19:35

Goals
1 2 3 T
Sharks 1 1 1 3
Wild 2 1 1 4
Shots
1 2 3 T
Sharks 2 12 11 25
Wild 19 9 9 37

Period #1

1. Sharks , Jonathan Cheechoo 1 (Sidney Crosby, Markus Naslund) at 0:29
2. Wild , Mark Recchi 1 (Brent Burns, Martin Rucinsky) at 15:48 (PP)
3. Wild , Alexei Kovalev 1 (Wes Walz, Martin Rucinsky) at 18:05

Penalities :
Scott Hannan (SJS) for High sticking (Minor) at 9:46, Dustin Brown (SJS) for Roughing (Minor) at 12:59, Jeremy Roenick (SJS) for Delaying the game (Minor) at 15:00, Sergei Gonchar (SJS) for Roughing (Minor) at 18:22

Period #2

4. Wild , Kim Johnsson 1 (Mark Recchi, Alexei Kovalev) at 6:31
5. Sharks , Sidney Crosby 1 (Jonathan Cheechoo, Markus Naslund) at 17:40

Penalities :
Marian Gaborik (MIN) for Fighting (Major) at 3:33, Barret Jackman (SJS) for Fighting (Major) at 3:33, Joe Thornton (SJS) for Slashing (Minor) at 4:36, Kyle McLaren (SJS) for Holding (Minor) at 9:38, Joe Thornton (SJS) for Elbowing (Minor) at 13:09

Period #3

6. Wild , Martin Rucinsky 1 (Martin Straka, Mark Recchi) at 4:10 (PP)
7. Sharks , Jeremy Roenick 1 (Colby Armstrong) at 13:10

Penalities :
Barret Jackman (SJS) for Kneeing (Major) at 2:31, Colby Armstrong (SJS) for Diving (Minor) at 8:33, Kyle McLaren (SJS) for High sticking (Double Minor) at 8:53, Richard Jackman (SJS) for Slashing (Minor) at 15:00, Gary Roberts (MIN) for Diving (Minor) at 17:17

Goalie Stats

Rick DiPietro (SJS), 33 saves from 37 shots - (0.892), L, 0-1-0, 59:12 minutes
Manny Fernandez (MIN), 21 saves from 24 shots - (0.875), W, 1-0-0, 53:10 minutes
Jason Bacashihua (MIN), 1 saves from 1 shots - (1.000), 6:50 minutes

Players Stats

Sharks
Player Name              G  A  P  +/- PIM S  H  SB FO MP 
-----------------------------------------------------------
Alyn McCauley            0  0  0   0  0   2  0  0  7  16 
Barret Jackman           0  0  0   0  10  0  1  3  0  18 
Colby Armstrong          0  1  1   0  2   0  0  0  1  12 
Curtis Brown             0  0  0   0  0   0  0  0  21 15 
Dustin Brown             0  0  0   0  2   1  1  0  2  12 
Jason Blake              0  0  0   0  0   1  0  0  0  20 
Jeremy Roenick           1  0  1   0  2   1  0  1  15 14 
Joe Thornton             0  0  0   0  4   2  1  1  24 19 
Jonathan Cheechoo        1  1  2   2  0   2  0  0  1  17 
Kyle McLaren             0  0  0   2  6   1  2  0  0  21 
Markus Naslund           0  2  2   2  0   3  0  0  2  15 
Mathieu Biron            0  0  0   0  0   2  0  1  0  13 
Milan Michalek           0  0  0   0  0   2  0  0  0  11 
Richard Jackman          0  0  0   0  2   3  1  2  0  17 
Scott Hannan             0  0  0   0  2   0  1  0  0  24 
Sergei Gonchar           0  0  0   2  2   2  0  2  0  24 
Sidney Crosby            1  1  2   2  0   3  3  0  18 18 
Ville Nieminen           0  0  0   0  0   0  0  0  0  1  
Wild
Player Name              G  A  P  +/- PIM S  H  SB FO MP 
-----------------------------------------------------------
Alexei Kovalev           1  1  2   0  0   4  0  0  2  24 
Brent Burns              0  1  1   0  0   0  0  0  0  11 
Brian Rolston            0  0  0  -1  0   3  0  0  5  20 
Eric Brewer              0  0  0  -1  0   2  2  1  0  19 
Gary Roberts             0  0  0   0  2   0  0  0  0  7  
Keith Carney             0  0  0   0  0   2  0  2  0  21 
Kim Johnsson             1  0  1  -1  0   2  0  2  0  22 
Lubomir Visnovsky        0  0  0  -1  0   0  0  0  0  21 
Marian Gaborik           0  0  0  -1  5   4  0  0  4  20 
Mark Recchi              1  2  3  -1  0   6  3  0  1  21 
Martin Rucinsky          1  2  3   0  0   6  2  2  3  19 
Martin Skoula            0  0  0   0  0   1  1  1  0  16 
Martin Straka            0  1  1  -1  0   2  0  0  26 23 
Mikael Samuelsson        0  0  0   0  0   2  0  0  1  4  
Nick Schultz             0  0  0  -1  0   0  0  0  0  17 
Pavol Demitra            0  0  0  -1  0   1  1  0  32 23 
Pierre-Marc Bouchard     0  0  0  -1  0   1  0  0  3  11 
Wes Walz                 0  1  1   0  0   1  0  0  14 13 

3 Stars

1 - Sidney Crosby (SJS)
2 - Martin Rucinsky (MIN)
3 - Mark Recchi (MIN)

Power Play

Sharks - 0 on 1 Attempt(s) - 0.00%
Wild - 3 on 11 Attempt(s) - 27.27%

Penalty Kill

Sharks - 8 on 11 Attempt(s) - 72.73% - Score 0 goal in Penalty Kill
Wild - 1 on 1 Attempt(s) - 100.00% - Score 0 goal in Penalty Kill

Game Notes

Marian Gaborik and Barret Jackman fight to a draw at 3:33 of 2nd period
Jason Bacashihua enters game at 13:10 of 3rd period
Joe Thornton is injured at 14:15 of 3rd period (Wrist)

Finance

Level 1 -- Attendance: 5310 (88.50%) -- Ticket Income $531,000.00
Level 2 -- Attendance: 4228 (84.57%) -- Ticket Income $253,680.00
Level 3 -- Attendance: 1910 (92.54%) -- Ticket Income $66,850.00
Level 4 -- Attendance: 4000 (100.00%) -- Ticket Income $80,000.00
Luxury Box -- Attendance: 830 (83.02%) -- Ticket Income $166,000.00
Game was played at the Xcel Energy Center
Total Attendance: 16278 (90.11%)
Total Ticket Income: $1,137,417.00
Other Income: $341,224.99
Total Income: $1,478,642.00


Play by Play

Period #1

0:01 of 1st period - Sidney Crosby wins face-off versus Marian Gaborik in neutral zone.
0:15 of 1st period - Sidney Crosby is hit by Pavol Demitra and loses puck.
0:29 of 1st period - Shot by Jonathan Cheechoo.
0:29 of 1st period - Goal by Jonathan Cheechoo - Sharks : 1 - Wild : 0.
0:30 of 1st period - Wes Walz wins face-off versus Joe Thornton in neutral zone.
0:37 of 1st period - Shot by Alexei Kovalev.
0:37 of 1st period - Shot Blocked by Barret Jackman.
0:38 of 1st period - Shot by Keith Carney.
0:38 of 1st period - Shot Blocked by Barret Jackman.
0:39 of 1st period - Shot by Keith Carney.
0:39 of 1st period - Stopped by Rick DiPietro without a rebound.
0:40 of 1st period - Martin Straka wins face-off versus Jeremy Roenick in Sharks zone.
0:41 of 1st period - Shot by Pierre-Marc Bouchard.
0:41 of 1st period - Shot Blocked by Richard Jackman.
0:42 of 1st period - Shot by Eric Brewer.
0:42 of 1st period - Stopped by Rick DiPietro without a rebound.
0:43 of 1st period - Jeremy Roenick wins face-off versus Pierre-Marc Bouchard in Sharks zone.
0:56 of 1st period - Shot by Colby Armstrong.
0:56 of 1st period - Shot Misses the Net.
0:58 of 1st period - Icing by Pierre-Marc Bouchard.
0:59 of 1st period - Sidney Crosby wins face-off versus Martin Straka in Wild zone.
1:39 of 1st period - Icing by Kyle McLaren.
1:40 of 1st period - Sidney Crosby wins face-off versus Pavol Demitra in Sharks zone.
2:06 of 1st period - Pavol Demitra is hit by Scott Hannan and loses puck.
2:29 of 1st period - Icing by Barret Jackman.
2:30 of 1st period - Wes Walz wins face-off versus Joe Thornton in Sharks zone.
2:41 of 1st period - Shot by Wes Walz.
2:41 of 1st period - Shot Blocked by Barret Jackman.
2:42 of 1st period - Shot by Keith Carney.
2:42 of 1st period - Stopped by Rick DiPietro without a rebound.
2:43 of 1st period - Jeremy Roenick wins face-off versus Martin Straka in Sharks zone.
4:06 of 1st period - Shot by Wes Walz.
4:06 of 1st period - Shot Misses the Net.
4:19 of 1st period - Shot by Markus Naslund.
4:19 of 1st period - Shot Blocked by Martin Rucinsky.
5:48 of 1st period - Shot by Mark Recchi.
5:48 of 1st period - Stopped by Rick DiPietro with a rebound.
5:49 of 1st period - Shot by Pierre-Marc Bouchard.
5:49 of 1st period - Shot Misses the Net.
6:06 of 1st period - Shot by Mark Recchi.
6:06 of 1st period - Shot Misses the Net.
6:09 of 1st period - Shot by Mark Recchi.
6:09 of 1st period - Shot Misses the Net.
6:36 of 1st period - Shot by Martin Skoula.
6:36 of 1st period - Stopped by Rick DiPietro without a rebound.
6:37 of 1st period - Pavol Demitra wins face-off versus Sidney Crosby in Sharks zone.
6:59 of 1st period - Icing by Markus Naslund.
7:00 of 1st period - Sidney Crosby wins face-off versus Pierre-Marc Bouchard in Sharks zone.
7:04 of 1st period - Jonathan Cheechoo is hit by Mark Recchi and loses puck.
8:00 of 1st period - Shot by Wes Walz.
8:00 of 1st period - Stopped by Rick DiPietro with a rebound.
8:03 of 1st period - Shot by Martin Rucinsky.
8:03 of 1st period - Stopped by Rick DiPietro with a rebound.
9:24 of 1st period - Shot by Jeremy Roenick.
9:24 of 1st period - Shot Misses the Net.
9:46 of 1st period - Minor Penalty to Scott Hannan for High sticking.
9:47 of 1st period - Martin Straka wins face-off versus Curtis Brown in Sharks zone.
11:19 of 1st period - Icing by Keith Carney.
11:20 of 1st period - Brian Rolston wins face-off versus Curtis Brown in Wild zone.
11:53 of 1st period - Shot by Pierre-Marc Bouchard.
11:53 of 1st period - Deflect By Mark Recchi.
11:53 of 1st period - Stopped by Rick DiPietro without a rebound.
11:54 of 1st period - Curtis Brown wins face-off versus Pierre-Marc Bouchard in Sharks zone.
12:20 of 1st period - Jonathan Cheechoo is hit by Mark Recchi and loses puck.
12:35 of 1st period - Off-side.
12:36 of 1st period - Wes Walz wins face-off versus Jeremy Roenick in neutral zone.
12:39 of 1st period - Shot by Alexei Kovalev.
12:39 of 1st period - Shot Misses the Net.
12:42 of 1st period - Shot by Martin Rucinsky.
12:42 of 1st period - Shot Misses the Net.
12:46 of 1st period - Icing by Mathieu Biron.
12:47 of 1st period - Jeremy Roenick wins face-off versus Pavol Demitra in Sharks zone.
12:59 of 1st period - Minor Penalty to Dustin Brown for Roughing.
13:00 of 1st period - Joe Thornton wins face-off versus Martin Straka in Sharks zone.
13:14 of 1st period - Martin Rucinsky is hit by Joe Thornton and loses puck.
13:24 of 1st period - Shot by Mark Recchi.
13:24 of 1st period - Shot Misses the Net.
13:25 of 1st period - Shot by Eric Brewer.
13:25 of 1st period - Shot Misses the Net.
13:28 of 1st period - Shot by Mark Recchi.
13:28 of 1st period - Deflect By Martin Rucinsky.
13:28 of 1st period - Shot Hit the Post.
13:29 of 1st period - Shot by Eric Brewer.
13:29 of 1st period - Stopped by Rick DiPietro without a rebound.
13:30 of 1st period - Alyn McCauley wins face-off versus Pavol Demitra in Sharks zone.
14:21 of 1st period - Shot by Martin Straka.
14:21 of 1st period - Stopped by Rick DiPietro without a rebound.
14:22 of 1st period - Curtis Brown wins face-off versus Brian Rolston in Sharks zone.
14:43 of 1st period - Shot by Brian Rolston.
14:43 of 1st period - Stopped by Rick DiPietro without a rebound.
14:44 of 1st period - Brian Rolston wins face-off versus Joe Thornton in Sharks zone.
14:49 of 1st period - Shot by Marian Gaborik.
14:49 of 1st period - Stopped by Rick DiPietro without a rebound.
14:50 of 1st period - Martin Straka wins face-off versus Joe Thornton in Sharks zone.
15:00 of 1st period - Minor Penalty to Jeremy Roenick for Delaying the game.
15:01 of 1st period - Curtis Brown wins face-off versus Pavol Demitra in Sharks zone.
15:30 of 1st period - Shot by Pavol Demitra.
15:30 of 1st period - Shot Misses the Net.
15:47 of 1st period - Shot by Martin Rucinsky.
15:47 of 1st period - Stopped by Rick DiPietro with a rebound.
15:48 of 1st period - Shot by Brent Burns.
15:48 of 1st period - Deflect By Mark Recchi.
15:48 of 1st period - Goal by Mark Recchi - Sharks : 1 - Wild : 1.
15:49 of 1st period - Wes Walz wins face-off versus Dustin Brown in neutral zone.
16:16 of 1st period - Shot by Wes Walz.
16:16 of 1st period - Shot Misses the Net.
16:17 of 1st period - Shot by Keith Carney.
16:17 of 1st period - Shot Blocked by Jeremy Roenick.
16:20 of 1st period - Shot by Martin Rucinsky.
16:20 of 1st period - Shot Misses the Net.
16:23 of 1st period - Shot by Brian Rolston.
16:23 of 1st period - Shot Misses the Net.
16:33 of 1st period - Off-side.
16:34 of 1st period - Sidney Crosby wins face-off versus Martin Straka in neutral zone.
17:15 of 1st period - Shot by Pierre-Marc Bouchard.
17:15 of 1st period - Shot Misses the Net.
17:16 of 1st period - Shot by Eric Brewer.
17:16 of 1st period - Deflect By Mark Recchi.
17:16 of 1st period - Stopped by Rick DiPietro without a rebound.
17:17 of 1st period - Joe Thornton wins face-off versus Pavol Demitra in Sharks zone.
17:32 of 1st period - Shot by Marian Gaborik.
17:32 of 1st period - Shot Misses the Net.
17:37 of 1st period - Shot by Joe Thornton.
17:37 of 1st period - Shot Misses the Net.
17:40 of 1st period - Shot by Joe Thornton.
17:40 of 1st period - Shot Blocked by Kim Johnsson.
17:43 of 1st period - Shot by Joe Thornton.
17:43 of 1st period - Stopped by Manny Fernandez without a rebound.
17:44 of 1st period - Wes Walz wins face-off versus Jeremy Roenick in Wild zone.
18:05 of 1st period - Shot by Alexei Kovalev.
18:05 of 1st period - Goal by Alexei Kovalev - Sharks : 1 - Wild : 2.
18:06 of 1st period - Martin Straka wins face-off versus Curtis Brown in neutral zone.
18:19 of 1st period - Shot by Pierre-Marc Bouchard.
18:19 of 1st period - Shot Misses the Net.
18:22 of 1st period - Shot by Pierre-Marc Bouchard.
18:22 of 1st period - Stopped by Rick DiPietro without a rebound.
18:22 of 1st period - Minor Penalty to Sergei Gonchar for Roughing.
18:23 of 1st period - Joe Thornton wins face-off versus Pavol Demitra in Sharks zone.
18:24 of 1st period - Pavol Demitra wins face-off versus Curtis Brown in Sharks zone.
18:29 of 1st period - Shot by Marian Gaborik.
18:29 of 1st period - Stopped by Rick DiPietro without a rebound.
18:30 of 1st period - Pavol Demitra wins face-off versus Joe Thornton in Sharks zone.
18:48 of 1st period - Icing by Pavol Demitra.
18:49 of 1st period - Pavol Demitra wins face-off versus Curtis Brown in Wild zone.
19:44 of 1st period - Shot by Mark Recchi.
19:44 of 1st period - Stopped by Rick DiPietro without a rebound.
19:45 of 1st period - Alyn McCauley wins face-off versus Martin Rucinsky in Sharks zone.

Period #2

0:01 of 2nd period - Curtis Brown wins face-off versus Pavol Demitra in neutral zone.
0:17 of 2nd period - Alexei Kovalev is hit by Kyle McLaren and loses puck.
0:34 of 2nd period - Icing by Scott Hannan.
0:35 of 2nd period - Curtis Brown wins face-off versus Wes Walz in Sharks zone.
1:17 of 2nd period - Icing by Martin Skoula.
1:18 of 2nd period - Jeremy Roenick wins face-off versus Wes Walz in Wild zone.
1:30 of 2nd period - Alexei Kovalev is hit by Dustin Brown and loses puck.
1:44 of 2nd period - Shot by Jeremy Roenick.
1:44 of 2nd period - Shot Misses the Net.
1:45 of 2nd period - Shot by Mathieu Biron.
1:45 of 2nd period - Stopped by Manny Fernandez without a rebound.
1:46 of 2nd period - Pavol Demitra wins face-off versus Joe Thornton in Wild zone.
2:11 of 2nd period - Shot by Joe Thornton.
2:11 of 2nd period - Deflect By Milan Michalek.
2:11 of 2nd period - Stopped by Manny Fernandez without a rebound.
2:12 of 2nd period - Martin Straka wins face-off versus Markus Naslund in Wild zone.
2:53 of 2nd period - Shot by Mark Recchi.
2:53 of 2nd period - Stopped by Rick DiPietro without a rebound.
2:54 of 2nd period - Pavol Demitra wins face-off versus Jeremy Roenick in Sharks zone.
2:55 of 2nd period - Shot by Kim Johnsson.
2:55 of 2nd period - Shot Misses the Net.
3:00 of 2nd period - Shot by Brian Rolston.
3:00 of 2nd period - Stopped by Rick DiPietro without a rebound.
3:01 of 2nd period - Joe Thornton wins face-off versus Pavol Demitra in Sharks zone.
3:06 of 2nd period - Shot by Joe Thornton.
3:06 of 2nd period - Shot Misses the Net.
3:07 of 2nd period - Shot by Jason Blake.
3:07 of 2nd period - Stopped by Manny Fernandez without a rebound.
3:08 of 2nd period - Jeremy Roenick wins face-off versus Pavol Demitra in Wild zone.
3:26 of 2nd period - Icing by Kim Johnsson.
3:27 of 2nd period - Joe Thornton wins face-off versus Pavol Demitra in Wild zone.
3:33 of 2nd period - Marian Gaborik and Barret Jackman fight to a draw.
3:33 of 2nd period - Penalty to Marian Gaborik for Fighting.
3:33 of 2nd period - Penalty to Barret Jackman for Fighting.
3:34 of 2nd period - Martin Straka wins face-off versus Joe Thornton in Sharks zone.
3:56 of 2nd period - Icing by Sergei Gonchar.
3:57 of 2nd period - Joe Thornton wins face-off versus Pavol Demitra in Sharks zone.
4:08 of 2nd period - Shot by Sergei Gonchar.
4:08 of 2nd period - Stopped by Manny Fernandez without a rebound.
4:09 of 2nd period - Sidney Crosby wins face-off versus Martin Straka in Wild zone.
4:14 of 2nd period - Shot by Jonathan Cheechoo.
4:14 of 2nd period - Shot Hit the Post.
4:15 of 2nd period - Shot by Sidney Crosby.
4:15 of 2nd period - Deflect By Jonathan Cheechoo.
4:15 of 2nd period - Shot Blocked by Keith Carney.
4:18 of 2nd period - Shot by Kyle McLaren.
4:18 of 2nd period - Shot Misses the Net.
4:21 of 2nd period - Shot by Sidney Crosby.
4:21 of 2nd period - Stopped by Manny Fernandez without a rebound.
4:22 of 2nd period - Joe Thornton wins face-off versus Martin Straka in Wild zone.
4:36 of 2nd period - Minor Penalty to Joe Thornton for Slashing.
4:37 of 2nd period - Pavol Demitra wins face-off versus Alyn McCauley in Sharks zone.
4:53 of 2nd period - Icing by Kim Johnsson.
4:54 of 2nd period - Pavol Demitra wins face-off versus Alyn McCauley in Wild zone.
6:31 of 2nd period - Shot by Kim Johnsson.
6:31 of 2nd period - Goal by Kim Johnsson - Sharks : 1 - Wild : 3.
6:32 of 2nd period - Alyn McCauley wins face-off versus Martin Straka in neutral zone.
6:45 of 2nd period - Shot by Martin Straka.
6:45 of 2nd period - Shot Misses the Net.
8:05 of 2nd period - Icing by Scott Hannan.
8:06 of 2nd period - Joe Thornton wins face-off versus Martin Straka in Sharks zone.
8:13 of 2nd period - Shot by Joe Thornton.
8:13 of 2nd period - Shot Blocked by Keith Carney.
8:16 of 2nd period - Shot by Joe Thornton.
8:16 of 2nd period - Shot Misses the Net.
8:17 of 2nd period - Shot by Richard Jackman.
8:17 of 2nd period - Stopped by Manny Fernandez without a rebound.
8:18 of 2nd period - Joe Thornton wins face-off versus Martin Straka in Wild zone.
8:18 of 2nd period - Markus Naslund is hit by Martin Skoula and loses puck.
8:26 of 2nd period - Shot by Markus Naslund.
8:26 of 2nd period - Stopped by Manny Fernandez with a rebound.
8:29 of 2nd period - Shot by Alyn McCauley.
8:29 of 2nd period - Stopped by Manny Fernandez with a rebound.
8:32 of 2nd period - Shot by Joe Thornton.
8:32 of 2nd period - Deflect By Markus Naslund.
8:32 of 2nd period - Shot Misses the Net.
8:33 of 2nd period - Shot by Alyn McCauley.
8:33 of 2nd period - Stopped by Manny Fernandez without a rebound.
8:34 of 2nd period - Jeremy Roenick wins face-off versus Marian Gaborik in Wild zone.
8:34 of 2nd period - Mathieu Biron is hit by Eric Brewer and loses puck.
8:48 of 2nd period - Shot by Marian Gaborik.
8:48 of 2nd period - Stopped by Rick DiPietro without a rebound.
8:49 of 2nd period - Mikael Samuelsson wins face-off versus Joe Thornton in Sharks zone.
8:52 of 2nd period - Shot by Marian Gaborik.
8:52 of 2nd period - Shot Misses the Net.
9:12 of 2nd period - Off-side.
9:13 of 2nd period - Sidney Crosby wins face-off versus Wes Walz in neutral zone.
9:35 of 2nd period - Martin Rucinsky is hit by Sidney Crosby and loses puck.
9:38 of 2nd period - Minor Penalty to Kyle McLaren for Holding.
9:39 of 2nd period - Curtis Brown wins face-off versus Martin Straka in Sharks zone.
9:56 of 2nd period - Shot by Mark Recchi.
9:56 of 2nd period - Shot Blocked by Sergei Gonchar.
10:59 of 2nd period - Shot by Marian Gaborik.
10:59 of 2nd period - Stopped by Rick DiPietro without a rebound.
11:00 of 2nd period - Curtis Brown wins face-off versus Martin Straka in Sharks zone.
12:00 of 2nd period - Markus Naslund is hit by Eric Brewer and loses puck.
12:02 of 2nd period - Shot by Sidney Crosby.
12:02 of 2nd period - Shot Blocked by Eric Brewer.
12:38 of 2nd period - Dustin Brown is hit by Martin Rucinsky and loses puck.
13:09 of 2nd period - Minor Penalty to Joe Thornton for Elbowing.
13:10 of 2nd period - Brian Rolston wins face-off versus Curtis Brown in Wild zone.
14:24 of 2nd period - Icing by Brent Burns.
14:25 of 2nd period - Sidney Crosby wins face-off versus Martin Straka in Wild zone.
14:43 of 2nd period - Icing by Martin Rucinsky.
14:44 of 2nd period - Curtis Brown wins face-off versus Martin Straka in Wild zone.
15:04 of 2nd period - Icing by Lubomir Visnovsky.
15:05 of 2nd period - Sidney Crosby wins face-off versus Pavol Demitra in Wild zone.
15:34 of 2nd period - Shot by Mikael Samuelsson.
15:34 of 2nd period - Stopped by Rick DiPietro with a rebound.
15:37 of 2nd period - Shot by Mikael Samuelsson.
15:37 of 2nd period - Deflect By Pavol Demitra.
15:37 of 2nd period - Shot Blocked by Mathieu Biron.
15:40 of 2nd period - Shot by Mikael Samuelsson.
15:40 of 2nd period - Stopped by Rick DiPietro with a rebound.
15:41 of 2nd period - Shot by Nick Schultz.
15:41 of 2nd period - Deflect By Pavol Demitra.
15:41 of 2nd period - Shot Misses the Net.
16:12 of 2nd period - Shot by Joe Thornton.
16:12 of 2nd period - Shot Misses the Net.
16:15 of 2nd period - Shot by Joe Thornton.
16:15 of 2nd period - Shot Misses the Net.
16:18 of 2nd period - Shot by Joe Thornton.
16:18 of 2nd period - Stopped by Manny Fernandez with a rebound.
16:44 of 2nd period - Icing by Barret Jackman.
16:45 of 2nd period - Martin Straka wins face-off versus Joe Thornton in Sharks zone.
17:40 of 2nd period - Shot by Jonathan Cheechoo.
17:40 of 2nd period - Deflect By Sidney Crosby.
17:40 of 2nd period - Goal by Sidney Crosby - Sharks : 2 - Wild : 3.
17:41 of 2nd period - Dustin Brown wins face-off versus Marian Gaborik in neutral zone.
17:46 of 2nd period - Shot by Colby Armstrong.
17:46 of 2nd period - Deflect By Dustin Brown.
17:46 of 2nd period - Shot Misses the Net.
17:52 of 2nd period - Marian Gaborik is hit by Richard Jackman and loses puck.
17:58 of 2nd period - Shot by Pavol Demitra.
17:58 of 2nd period - Stopped by Rick DiPietro without a rebound.
17:59 of 2nd period - Curtis Brown wins face-off versus Wes Walz in Sharks zone.
18:18 of 2nd period - Shot by Alexei Kovalev.
18:18 of 2nd period - Shot Misses the Net.
18:21 of 2nd period - Shot by Martin Rucinsky.
18:21 of 2nd period - Deflect By Alexei Kovalev.
18:21 of 2nd period - Stopped by Rick DiPietro without a rebound.
18:22 of 2nd period - Pavol Demitra wins face-off versus Jeremy Roenick in Sharks zone.
18:55 of 2nd period - Shot by Dustin Brown.
18:55 of 2nd period - Stopped by Manny Fernandez with a rebound.
19:22 of 2nd period - Shot by Joe Thornton.
19:22 of 2nd period - Shot Blocked by Martin Skoula.
19:28 of 2nd period - Martin Skoula is hit by Barret Jackman and loses puck.
19:38 of 2nd period - Shot by Milan Michalek.
19:38 of 2nd period - Shot Misses the Net.

Period #3

0:01 of 3rd period - Pavol Demitra wins face-off versus Markus Naslund in neutral zone.
0:10 of 3rd period - Shot by Markus Naslund.
0:10 of 3rd period - Stopped by Manny Fernandez with a rebound.
0:11 of 3rd period - Shot by Kyle McLaren.
0:11 of 3rd period - Shot Misses the Net.
0:12 of 3rd period - Shot by Sergei Gonchar.
0:12 of 3rd period - Stopped by Manny Fernandez without a rebound.
0:13 of 3rd period - Joe Thornton wins face-off versus Alexei Kovalev in Wild zone.
0:21 of 3rd period - Joe Thornton is hit by Martin Rucinsky and loses puck.
0:24 of 3rd period - Icing by Keith Carney.
0:25 of 3rd period - Wes Walz wins face-off versus Sidney Crosby in Wild zone.
0:30 of 3rd period - Shot by Alexei Kovalev.
0:30 of 3rd period - Stopped by Rick DiPietro with a rebound.
0:35 of 3rd period - Shot by Alexei Kovalev.
0:35 of 3rd period - Stopped by Rick DiPietro with a rebound.
0:36 of 3rd period - Shot by Alexei Kovalev.
0:36 of 3rd period - Shot Misses the Net.
0:39 of 3rd period - Shot by Martin Rucinsky.
0:39 of 3rd period - Stopped by Rick DiPietro without a rebound.
0:40 of 3rd period - Pavol Demitra wins face-off versus Joe Thornton in Sharks zone.
0:51 of 3rd period - Shot by Pavol Demitra.
0:51 of 3rd period - Shot Misses the Net.
0:56 of 3rd period - Shot by Brian Rolston.
0:56 of 3rd period - Stopped by Rick DiPietro without a rebound.
0:57 of 3rd period - Jonathan Cheechoo wins face-off versus Mark Recchi in Sharks zone.
1:10 of 3rd period - Shot by Sidney Crosby.
1:10 of 3rd period - Stopped by Manny Fernandez without a rebound.
1:11 of 3rd period - Wes Walz wins face-off versus Jeremy Roenick in Wild zone.
1:30 of 3rd period - Shot by Martin Rucinsky.
1:30 of 3rd period - Stopped by Rick DiPietro without a rebound.
1:31 of 3rd period - Sidney Crosby wins face-off versus Pavol Demitra in Sharks zone.
1:38 of 3rd period - Shot by Sidney Crosby.
1:38 of 3rd period - Shot Misses the Net.
1:39 of 3rd period - Shot by Kyle McLaren.
1:39 of 3rd period - Stopped by Manny Fernandez with a rebound.
1:42 of 3rd period - Shot by Markus Naslund.
1:42 of 3rd period - Stopped by Manny Fernandez with a rebound.
1:43 of 3rd period - Shot by Sergei Gonchar.
1:43 of 3rd period - Shot Blocked by Kim Johnsson.
2:01 of 3rd period - Marian Gaborik is hit by Sidney Crosby and loses puck.
2:12 of 3rd period - Icing by Kyle McLaren.
2:13 of 3rd period - Sidney Crosby wins face-off versus Martin Rucinsky in Sharks zone.
2:31 of 3rd period - Major Penalty to Barret Jackman for Kneeing.
2:32 of 3rd period - Martin Straka wins face-off versus Curtis Brown in neutral zone.
2:55 of 3rd period - Shot by Martin Rucinsky.
2:55 of 3rd period - Stopped by Rick DiPietro without a rebound.
2:56 of 3rd period - Joe Thornton wins face-off versus Pavol Demitra in Sharks zone.
3:40 of 3rd period - Icing by Brent Burns.
3:41 of 3rd period - Martin Straka wins face-off versus Curtis Brown in Wild zone.
4:10 of 3rd period - Shot by Martin Rucinsky.
4:10 of 3rd period - Goal by Martin Rucinsky - Sharks : 2 - Wild : 4.
4:11 of 3rd period - Joe Thornton wins face-off versus Pavol Demitra in neutral zone.
7:25 of 3rd period - Icing by Keith Carney.
7:26 of 3rd period - Sidney Crosby wins face-off versus Pavol Demitra in Wild zone.
7:35 of 3rd period - Shot by Marian Gaborik.
7:35 of 3rd period - Shot Blocked by Richard Jackman.
7:40 of 3rd period - Shot by Mathieu Biron.
7:40 of 3rd period - Stopped by Manny Fernandez without a rebound.
7:41 of 3rd period - Wes Walz wins face-off versus Jeremy Roenick in Wild zone.
7:48 of 3rd period - Shot by Colby Armstrong.
7:48 of 3rd period - Shot Blocked by Martin Rucinsky.
7:49 of 3rd period - Shot by Richard Jackman.
7:49 of 3rd period - Stopped by Manny Fernandez with a rebound.
7:50 of 3rd period - Shot by Richard Jackman.
7:50 of 3rd period - Stopped by Manny Fernandez without a rebound.
7:51 of 3rd period - Joe Thornton wins face-off versus Pavol Demitra in Wild zone.
8:33 of 3rd period - Minor Penalty to Colby Armstrong for Diving.
8:34 of 3rd period - Alyn McCauley wins face-off versus Martin Straka in Sharks zone.
8:46 of 3rd period - Martin Rucinsky is hit by Kyle McLaren and loses puck.
8:53 of 3rd period - Double Minor Penalty to Kyle McLaren for High sticking.
8:54 of 3rd period - Alyn McCauley wins face-off versus Brian Rolston in Sharks zone.
9:56 of 3rd period - Icing by Eric Brewer.
9:57 of 3rd period - Martin Straka wins face-off versus Curtis Brown in Wild zone.
12:40 of 3rd period - Shot by Mark Recchi.
12:40 of 3rd period - Shot Misses the Net.
12:43 of 3rd period - Shot by Martin Straka.
12:43 of 3rd period - Stopped by Rick DiPietro with a rebound.
12:58 of 3rd period - Shot by Jonathan Cheechoo.
12:58 of 3rd period - Stopped by Manny Fernandez without a rebound.
12:59 of 3rd period - Jeremy Roenick wins face-off versus Wes Walz in Wild zone.
13:10 of 3rd period - Shot by Colby Armstrong.
13:10 of 3rd period - Deflect By Jeremy Roenick.
13:10 of 3rd period - Goal by Jeremy Roenick - Sharks : 3 - Wild : 4.
13:10 of 3rd period - Jason Bacashihua enters game.
13:11 of 3rd period - Martin Straka wins face-off versus Sidney Crosby in neutral zone.
14:05 of 3rd period - Icing by Scott Hannan.
14:06 of 3rd period - Pavol Demitra wins face-off versus Joe Thornton in Sharks zone.
14:15 of 3rd period - Shot by Gary Roberts.
14:15 of 3rd period - Shot Blocked by Joe Thornton.
14:15 of 3rd period - Joe Thornton from Sharks is injured at 14:15 of 3rd period (Wrist).
14:16 of 3rd period - Jeremy Roenick wins face-off versus Martin Rucinsky in Sharks zone.
15:00 of 3rd period - Minor Penalty to Richard Jackman for Slashing.
15:01 of 3rd period - Curtis Brown wins face-off versus Pavol Demitra in Sharks zone.
15:11 of 3rd period - Icing by Pavol Demitra.
15:12 of 3rd period - Pavol Demitra wins face-off versus Sidney Crosby in Wild zone.
15:23 of 3rd period - Shot by Alexei Kovalev.
15:23 of 3rd period - Shot Blocked by Sergei Gonchar.
15:24 of 3rd period - Shot by Kim Johnsson.
15:24 of 3rd period - Stopped by Rick DiPietro without a rebound.
15:25 of 3rd period - Curtis Brown wins face-off versus Martin Straka in Sharks zone.
16:53 of 3rd period - Eric Brewer is hit by Sidney Crosby and loses puck.
17:08 of 3rd period - Icing by Mathieu Biron.
17:09 of 3rd period - Colby Armstrong wins face-off versus Alexei Kovalev in Sharks zone.
17:17 of 3rd period - Minor Penalty to Gary Roberts for Diving.
17:18 of 3rd period - Wes Walz wins face-off versus Sidney Crosby in Wild zone.
17:41 of 3rd period - Shot by Milan Michalek.
17:41 of 3rd period - Stopped by Jason Bacashihua without a rebound.
17:42 of 3rd period - Pavol Demitra wins face-off versus Sidney Crosby in Wild zone.
19:06 of 3rd period - Icing by Sergei Gonchar.
19:07 of 3rd period - Curtis Brown wins face-off versus Marian Gaborik in Sharks zone.
19:12 of 3rd period - Sharks, Rick DiPietro is pulled from the net.
19:37 of 3rd period - Dustin Brown is hit by Mark Recchi and loses puck.


Output by the SimonT Hockey Simulator (STHS) for Stephane Roy -- Original Page W3C XHTML 1.0 Valid